Map: 2000 Atmospheres LE

Players

deadSCV

  • Race: Terran Terran
  • League: Diamond
  • Spawn Location: 3:00

Boots - Winner!

  • Race: Zerg Zerg
  • League: Diamond
  • Spawn Location: 7:00

VOD

Have the link to the VOD?

Description

Time

  • Played on: May 12, 2022, 10:15 a.m.
  • Length: 29:59
Show
View Real Time Build Order
Export as new Build Order

deadSCV Terran 

Build Orders: Command Center First (CC) 

Get SALT Encoding   

  12  0:00  SCV  
  13  0:12  SCV  
  14  0:17  Supply Depot  
  14  0:24  SCV  
  15  0:39  SCV  
  16  0:51  SCV  
  17  1:01  Command Center  
  17  1:08  SCV  
  18  1:12  Barracks  
  18  1:20  SCV  
  19  1:28  Barracks  
  19  1:33  SCV  
  19  1:37  Refinery  
  20  1:45  SCV  
  21  1:52  Barracks  
  21  1:59  Orbital Command  
  21  2:02  Marine  
  22  2:12  Orbital Command  
  22  2:17  Marine  
  23  2:24  Marine, Refinery  
  23  2:29  SCV  
  25  2:36  Marine  
  26  2:42  Marine  
  27  2:44  SCV x2  
  29  2:54  Marine, Barracks Tech Lab  
  30  2:59  SCV x2, Factory  
  30  3:00  Marine  
  33  3:11  Supply Depot  
  33  3:12  Marine  
  33  3:16  Marine  
  33  3:17  Marine  
  33  3:18  Stimpack, Supply Depot  
  36  3:26  SCV x2  
  38  3:32  Marine  
  39  3:34  Marine  
  39  3:37  Barracks Reactor  
  40  3:43  Supply Depot  
  40  3:45  Factory Reactor  
  40  3:49  Starport  
  40  3:50  Marine  
  40  3:52  Marine  
  42  3:56  SCV x2  
  44  4:08  SCV x2, Marine  
  47  4:10  Marine  
  48  4:17  Refinery  
  48  4:19  Marine x2  
  48  4:23  Supply Depot  
  50  4:31  Barracks Reactor  
  50  4:35  Medivac  
  50  4:36  Refinery, Factory Tech Lab  
  50  4:37  Medivac  
  54  4:43  Engineering Bay  
  54  4:44  Engineering Bay  
  54  4:46  Supply Depot  
  54  4:47  SCV x2  
  58  4:52  Marine x2  
  58  4:53  Marauder  
  58  4:59  SCV x2  
  62  5:00  Siege Tank  
  65  5:10  Marine  
  65  5:11  SCV x2  
  68  5:14  Combat Shield  
  68  5:16  Marine x2, Marauder  
  68  5:18  Marine  
  73  5:26  SCV x2  
  75  5:29  Terran Infantry Weapons Level 1  
  75  5:36  Marine x3  
  75  5:37  Terran Infantry Armor Level 1  
  78  5:50  Barracks  
  78  5:52  Barracks  
  78  5:57  Supply Depot  
  78  5:59  Supply Depot  
  78  6:18  Marine, Medivac x2, SCV  
  78  6:19  Marauder  
  78  6:21  Marine x3, SCV, Siege Tank  
  93  6:30  SCV  
  94  6:37  SCV  
  94  6:39  Marine  
  70  6:40  Marauder  
  67  6:48  Marine x3  
  67  6:50  SCV x2  
  67  6:53  Siege Tank  
  73  6:56  Marine  
  73  6:58  Barracks Reactor  
  73  6:59  Barracks Reactor  
  72  7:01  Marauder  
  72  7:02  SCV x2  
  72  7:06  Marine x2, Armory  
  78  7:09  Marine  
  78  7:11  Medivac, Command Center  
  78  7:12  Medivac  
  78  7:14  Marine  
  84  7:20  SCV x2  
  86  7:23  Marine, Marauder  
  86  7:24  Marine  
  86  7:27  Marine  
  91  7:44  Marauder, Supply Depot  
  91  7:45  Supply Depot  
  93  7:53  Marine  
  94  8:05  Marine x5, Liberator  
  102  8:06  Marine x2, Liberator  
  102  8:07  Marauder  
  109  8:21  Siege Tank  
  106  8:30  Marine x2, Marauder  
  110  8:37  Marine x6  
  112  8:48  Marine x2  
  104  8:52  Marauder  
  104  8:53  Siege Tank  
  104  8:55  Marine x3  
  114  9:10  Marine x5  
  114  9:12  Marine  
  114  9:13  Marauder  
  114  9:14  SCV x2  
  114  9:15  Orbital Command  
  124  9:17  Marine  
  125  9:29  Marine x3, Terran Infantry Weapons Level 2  
  125  9:30  Terran Infantry Armor Level 2  
  125  9:31  Supply Depot  
  128  9:32  Concussive Shells  
  128  9:34  Marauder  
  128  9:37  Command Center  
  130  9:56  Marauder  
  132  10:01  Marine x6  
  124  10:07  Orbital Command  
  109  10:17  Marine x2, Marauder  
  109  10:19  Marine x3  
  113  10:22  Missile Turret  
  113  10:32  Missile Turret  
  113  10:37  Marine x6  
  113  10:38  Marine  
  113  10:39  Marauder  
  113  10:42  Siege Tank  
  125  10:43  Liberator  
  125  10:47  Supply Depot  
  128  10:50  Marine  
  128  10:52  SCV x3  
  128  10:55  Marine x2  
  134  11:05  Marine x3, Marauder  
  134  11:06  Marine x2  
  134  11:07  Marine  
  142  11:14  Marine x2  
  142  11:15  Siege Tank  
  142  11:17  SCV x2, Refinery  
  149  11:23  Marine x2  
  151  11:27  Marauder  
  153  11:35  Supply Depot  
  153  11:39  Marine x4  
  155  11:44  Supply Depot  
  157  11:48  Marauder  
  156  12:01  Marine  
  156  12:02  Marine x7  
  156  12:04  Siege Tank, Liberator  
  156  12:05  Liberator  
  173  12:10  Marauder  
  145  12:19  Marine x2  
  145  12:20  Marine x2  
  141  12:31  Marauder  
  141  12:34  Marine x4  
  141  12:36  Siege Tank  
  128  12:37  Marine x2  
  128  12:41  Planetary Fortress  
  128  12:43  Marine x2  
  96  12:52  Marine x4, Marauder  
  96  12:53  Missile Turret  
  96  12:55  Marine x2  
  105  13:01  Marine x2  
  106  13:07  Refinery  
  106  13:09  Marine  
  106  13:10  Marine  
  106  13:11  Marine  
  106  13:12  Marine  
  110  13:13  Marine x2, Siege Tank  
  110  13:14  Medivac x2, Marauder  
  110  13:19  Marine x2  
  123  13:28  Command Center  
  123  13:35  Marauder  
  123  13:39  Marine x2  
  123  13:40  Marine x6  
  133  13:44  Medivac  
  136  13:55  Siege Tank  
  136  13:56  Marauder  
  136  13:57  Marine x2  
  136  13:58  Marine, Medivac  
  143  14:14  Medivac  
  145  14:18  Marauder  
  146  14:39  Marauder  
  111  14:52  Marine  
  111  14:53  Marine x5  
  99  15:00  Marine  
  99  15:01  Marine, Marauder  
  99  15:02  Medivac x2, Siege Tank  
  107  15:10  Marine x2  
  107  15:11  Marine  
  104  15:22  Marauder  
  104  15:23  Missile Turret  
  104  15:26  Planetary Fortress  
  104  15:28  Marine x5  
  106  15:29  Marine x3  
  117  15:37  Thor  
  117  15:39  Liberator x2  
  117  15:41  Terran Infantry Armor Level 3, Terran Infantry Weapons Level 3  
  126  15:43  Marauder  
  126  15:46  Marine x2  
  130  15:58  Supply Depot x2  
  130  16:00  Command Center  
  130  16:01  Marine x5  
  130  16:02  Marine  
  130  16:04  Marine x2  
  137  16:05  Marauder  
  118  16:25  Marine x3  
  118  16:26  Marine x5, Marauder  
  101  16:43  Marine x3  
  101  16:46  Marine x5  
  109  16:48  Marauder  
  111  17:01  Marine  
  111  17:04  Marine x2  
  111  17:05  Refinery, Marine x5  
  111  17:07  Thor  
  125  17:09  Refinery, Marauder  
  125  17:12  Medivac  
  125  17:13  Medivac  
  131  17:19  Marine  
  131  17:22  Marine x6  
  133  17:23  Marine  
  139  17:30  Marauder  
  139  17:37  Marine, Missile Turret  
  141  17:39  Command Center  
  141  17:40  Marine x7  
  149  17:46  Missile Turret  
  149  17:47  Medivac x2  
  149  17:50  Thor  
  159  17:52  Marauder  
  159  17:54  Marine  
  159  17:57  Marine  
  159  17:58  Marine x4  
  167  18:08  Missile Turret, Planetary Fortress  
  167  18:16  Marine, Marauder  
  167  18:17  Marine x7  
  167  18:19  Medivac  
  179  18:21  Medivac  
  181  18:34  Marine  
  181  18:35  Marine x7  
  181  18:38  Marauder  
  191  18:47  SCV, Command Center  
  191  18:48  SCV x2  
  194  18:52  Marine  
  194  18:53  Marine x2  
  197  18:59  Missile Turret  
  197  19:03  Supply Depot  
  197  19:07  Marine, Marauder  
  200  19:10  Planetary Fortress  
  200  19:26  Missile Turret  
  110  20:13  Liberator x2  
  99  20:16  Thor  
  99  20:18  Marine x2, Marauder  
  99  20:19  Marine x6  
  115  20:29  SCV x5  
  120  20:36  Marine x5  
  120  20:37  Marine x3  
  120  20:39  Marauder  
  129  20:50  Planetary Fortress  
  129  20:54  Marine x8  
  129  20:56  Liberator  
  129  20:57  Supply Depot x2  
  140  20:58  Supply Depot  
  140  20:59  Siege Tank  
  140  21:00  Marine  
  144  21:11  Marine  
  144  21:12  Marine x2  
  144  21:15  Marine x5  
  152  21:19  Marauder  
  154  21:29  Marine x2  
  154  21:31  Siege Tank  
  154  21:32  Marine, Refinery  
  160  21:33  Marine x3  
  160  21:34  Refinery  
  163  21:40  Marauder  
  157  22:01  Marauder  
  152  22:10  Marine x3  
  152  22:11  Marine x5  
  159  22:23  Marauder  
  159  22:28  Marine x3  
  115  22:38  Marine x5  
  109  22:44  Marauder  
  109  22:46  Marine x3, Siege Tank  
  109  22:51  SCV x6  
  99  22:56  Marine x2  
  104  23:01  Missile Turret  
  104  23:03  SCV x2  
  104  23:05  Missile Turret x2  
  108  23:06  Marauder  
  108  23:09  Missile Turret  
  101  23:23  Missile Turret  
  101  23:24  Marine x8  
  101  23:25  Missile Turret  
  111  23:27  Marauder  
  111  23:34  Hi-Sec Auto Tracking  
  111  23:35  Neosteel Armor  
  111  23:41  Marine  
  111  23:42  Marine x7  
  121  23:48  Marauder  
  121  23:55  Medivac x2  
  123  23:56  Siege Tank  
  123  23:59  Marine  
  123  24:00  Marine x7  
  138  24:10  Marauder  
  138  24:17  Marine  
  138  24:18  Marine  
  134  24:25  Marine x5, Medivac x2  
  134  24:26  Marine  
  134  24:28  Siege Tank  
  149  24:31  Marauder  
  149  24:35  Marine  
  120  24:51  Marine x2  
  123  24:52  Marauder  
  123  24:55  Medivac x2  
  120  25:01  Marine x5  
  120  25:02  Marine, Siege Tank  
  131  25:14  Marauder  
  131  25:15  Marine x2  
  131  25:19  Marine x5  
  131  25:20  Marine  
  139  25:25  Medivac x2  
  143  25:33  Marine x2  
  143  25:34  Siege Tank  
  143  25:35  Marauder, Supply Depot x2  
  150  25:37  Marine x6  
  156  25:51  Marine x2  
  156  25:55  Marine x5  
  156  25:57  Marauder  
  165  26:00  Marine  
  165  26:02  Liberator x2  
  172  26:06  Siege Tank  
  172  26:09  Marine x2  
  177  26:12  Marine  
  177  26:13  Marine  
  177  26:18  Marauder  
  181  26:29  Marine x3  
  184  26:39  Siege Tank, Marauder  
  120  26:49  Marine  
  117  26:54  Marine x3  
  117  26:55  Marine x4  
  117  27:01  Marauder  
  126  27:07  Marine  
  127  27:11  Siege Tank  
  127  27:12  Marine x2  
  132  27:22  Missile Turret, Marauder  
  134  27:24  Missile Turret  
  134  27:35  Marine  
  135  27:37  Marine x3  
  135  27:39  Marine  
  135  27:40  Marine x3  
  135  27:44  Marauder  
  144  28:05  Marine x3  
  146  28:06  Marine x4, Marauder  
  120  29:00  Marine x4, Marauder  
  120  29:01  Marine x3, Siege Tank  
  89  29:10  Marine  
  77  29:21  Marauder  
Show
View Real Time Build Order
Export as new Build Order

Boots Zerg - Winner!

Build Orders: Hatch First 

Get SALT Encoding   

  12  0:00  Drone  
  13  0:12  Overlord  
  13  0:17  Drone  
  14  0:24  Extractor, Drone  
  15  0:31  Drone  
  16  0:49  Hatchery  
  15  0:53  Drone  
  16  0:57  Drone  
  16  0:59  Drone  
  18  1:09  Extractor  
  17  1:17  Spawning Pool  
  16  1:18  Drone  
  16  1:21  Drone  
  18  1:28  Drone  
  19  1:39  Drone  
  20  1:53  Drone  
  21  2:03  Queen  
  21  2:04  Queen  
  21  2:05  Zergling x4  
  27  2:11  Overlord  
  27  2:14  Drone  
  28  2:31  Drone  
  28  2:32  Drone  
  28  2:33  Drone  
  28  2:36  Hatchery  
  30  2:54  Queen x2  
  30  2:56  Overlord  
  30  2:57  Overlord  
  34  3:00  Metabolic Boost  
  34  3:03  Drone  
  35  3:06  Drone  
  36  3:18  Drone x4  
  40  3:30  Queen x2  
  44  3:40  Drone x4  
  48  3:49  Extractor, Drone x3  
  48  3:53  Overlord  
  50  3:57  Drone  
  50  3:59  Queen  
  53  4:09  Lair  
  53  4:11  Drone x2  
  55  4:19  Drone  
  55  4:20  Evolution Chamber, Drone  
  55  4:21  Evolution Chamber  
  55  4:22  Drone  
  56  4:28  Extractor  
  56  4:30  Drone x3  
  58  4:36  Baneling Nest, Zergling x6  
  58  4:37  Zergling x6  
  63  4:51  Overlord  
  63  4:53  Overlord  
  63  5:01  Drone x3  
  66  5:20  Centrifugal Hooks  
  66  5:21  Zergling x6  
  66  5:22  Zergling x4  
  66  5:24  Drone x2  
  66  5:25  Drone  
  74  5:31  Zerg Ground Armor Level 1, Zerg Melee Weapons Level 1  
  74  5:34  Baneling x3  
  74  5:35  Baneling  
  74  5:39  Overlord  
  74  5:40  Overlord x2  
  74  5:43  Extractor  
  74  5:44  Drone  
  74  5:56  Overlord x2  
  74  5:59  Drone x3  
  74  6:01  Drone x7  
  74  6:02  Drone x3  
  74  6:03  Zergling x2  
  74  6:04  Zergling x4  
  90  6:06  Baneling x4  
  89  6:14  Zergling x2  
  89  6:15  Zergling x4  
  92  6:29  Zergling x8  
  92  6:30  Zergling x4  
  83  6:45  Zergling x14  
  83  6:46  Zergling x2  
  84  6:53  Baneling x6  
  84  6:54  Baneling x6  
  84  7:01  Extractor  
  84  7:02  Drone  
  84  7:03  Extractor, Drone x2  
  84  7:04  Drone x3  
  84  7:05  Drone x2  
  90  7:13  Spire, Drone  
  90  7:14  Zergling x6  
  93  7:22  Extractor  
  92  7:23  Hatchery  
  92  7:27  Extractor  
  90  7:37  Overlord  
  90  7:38  Overlord x2  
  90  7:40  Zerg Melee Weapons Level 2  
  90  7:41  Zerg Ground Armor Level 2  
  90  7:43  Drone x3  
  90  7:44  Drone x3  
  95  7:48  Zergling x2  
  95  7:49  Zergling x10  
  101  7:56  Zergling x2  
  102  8:04  Zergling x2  
  102  8:05  Zergling x2  
  104  8:06  Baneling x2  
  104  8:07  Baneling  
  104  8:08  Baneling  
  104  8:10  Zergling x6  
  95  8:31  Zergling x10  
  95  8:45  Zergling x10  
  89  8:51  Zerg Flyer Weapons Level 1  
  84  8:57  Baneling x2  
  84  8:58  Baneling x4  
  84  8:59  Zergling x4  
  84  9:00  Zergling x6  
  80  9:06  Zergling x2  
  80  9:07  Zergling x4  
  82  9:10  Baneling x2  
  82  9:11  Zergling x2  
  82  9:12  Zergling x2  
  82  9:14  Queen  
  82  9:15  Zergling x2  
  87  9:23  Mutalisk  
  85  9:24  Mutalisk x6  
  85  9:28  Baneling x2  
  85  9:29  Baneling  
  85  9:30  Zergling x6  
  101  9:38  Zergling x2  
  101  9:39  Zergling x2  
  101  9:42  Overseer  
  103  9:46  Mutalisk  
  103  9:49  Zergling x4  
  97  10:12  Mutalisk x5  
  97  10:13  Mutalisk  
  102  10:30  Zergling x12  
  102  10:31  Hatchery, Extractor  
  102  10:33  Extractor  
  102  10:34  Baneling x7  
  105  10:36  Zergling x6  
  108  10:46  Hatchery  
  108  10:48  Infestation Pit, Extractor  
  108  10:49  Zerg Flyer Armor Level 1, Extractor  
  104  10:50  Zergling x4  
  104  10:51  Zergling x2  
  107  11:00  Zergling x4  
  107  11:01  Zergling x2  
  107  11:03  Baneling x6  
  107  11:04  Baneling  
  110  11:13  Mutalisk x3  
  110  11:16  Mutalisk  
  119  11:18  Zergling x2  
  119  11:19  Zergling x14  
  119  11:24  Overlord  
  119  11:25  Overlord  
  126  11:26  Overseer x2  
  126  11:31  Zergling x2  
  127  11:39  Zergling x12  
  133  11:40  Zergling x2  
  132  11:57  Zergling x2  
  132  11:58  Zergling x16  
  132  12:01  Baneling x6  
  141  12:02  Baneling x5  
  124  12:21  Zergling x14  
  108  12:43  Zergling x2  
  108  12:44  Zergling x10  
  94  12:53  Baneling x5  
  94  12:54  Baneling, Zergling x2  
  94  12:55  Zergling x4  
  97  13:09  Zergling x2  
  97  13:10  Hatchery, Zergling x6  
  100  13:14  Zergling x2  
  100  13:16  Baneling x7, Extractor  
  100  13:17  Baneling x4  
  100  13:18  Extractor  
  99  13:27  Hatchery  
  98  13:32  Zergling x8  
  98  13:33  Zergling x2  
  103  13:41  Mutalisk x5  
  103  13:44  Zergling x10  
  118  13:52  Mutalisk  
  118  13:55  Zergling x6  
  123  13:57  Baneling  
  123  13:58  Baneling x8  
  123  13:59  Baneling x6  
  123  14:00  Baneling  
  123  14:05  Overlord x2  
  123  14:24  Zergling x2  
  123  14:25  Zergling x12  
  95  14:54  Zergling x2  
  95  14:55  Zergling x28  
  98  15:11  Zergling x6  
  98  15:12  Zergling x10  
  98  15:13  Zergling x2  
  106  15:18  Hive  
  106  15:23  Drone x3  
  106  15:24  Drone x3  
  106  15:25  Queen  
  114  15:28  Queen  
  114  15:32  Mutalisk x2  
  120  15:36  Zergling x6  
  120  15:38  Baneling x6  
  120  15:39  Baneling x7  
  120  15:40  Baneling x2  
  120  15:41  Baneling  
  123  15:47  Mutalisk x4  
  123  15:49  Zergling x2  
  133  15:50  Zergling x2  
  133  15:53  Zerg Flyer Weapons Level 2  
  133  15:59  Zergling x4  
  133  16:00  Zergling x6  
  116  16:28  Zergling x2  
  116  16:29  Zergling x40  
  128  16:43  Hydralisk Den, Drone  
  128  16:48  Adrenal Glands  
  128  16:51  Zerg Melee Weapons Level 3, Zerg Ground Armor Level 3  
  128  16:57  Ultralisk Cavern, Drone  
  128  16:58  Drone x6  
  128  16:59  Drone, Zergling x2  
  128  17:00  Zergling x6  
  139  17:18  Swarm Host  
  139  17:19  Zergling x2  
  139  17:20  Zergling x28  
  157  17:25  Hatchery, Extractor  
  157  17:28  Extractor  
  154  17:57  Ultralisk x2  
  166  17:59  Overlord x4  
  166  18:00  Overlord  
  166  18:03  Baneling x3  
  166  18:04  Baneling  
  166  18:05  Baneling  
  165  18:31  Baneling  
  165  18:32  Baneling x18  
  165  18:33  Baneling x7  
  165  18:35  Ultralisk  
  171  19:02  Ultralisk  
  177  19:23  Ultralisk x3  
  195  19:28  Baneling x4, Hatchery  
  195  19:29  Baneling x3  
  195  19:30  Baneling x4  
  195  19:31  Baneling  
  146  20:06  Zergling x14  
  146  20:07  Zergling x42  
  131  20:15  Mutalisk x3  
  137  20:29  Mutalisk x5  
  147  20:45  Mutalisk  
  147  20:46  Mutalisk x5  
  159  21:11  Hatchery  
  158  21:22  Baneling x5  
  158  21:23  Baneling x8  
  158  21:24  Baneling x7  
  158  21:25  Baneling x3  
  158  21:33  Drone x5  
  158  21:34  Drone x3  
  158  21:37  Drone x3  
  158  21:38  Drone x2  
  158  21:39  Drone  
  172  21:40  Zergling x2  
  168  22:05  Zerg Flyer Weapons Level 3  
  122  22:47  Zergling x2  
  122  22:48  Zergling x28  
  137  23:11  Zergling x2  
  137  23:12  Zergling x18  
  145  23:34  Hatchery  
  144  23:35  Chitinous Plating  
  144  23:40  Baneling  
  144  23:41  Baneling x17  
  144  23:42  Baneling x6  
  144  23:43  Zergling x6  
  144  23:44  Zergling x24  
  159  24:22  Hatchery  
  144  24:50  Zergling x20  
  144  24:51  Zergling x18  
  155  24:54  Anabolic Synthesis  
  147  25:01  Baneling  
  147  25:02  Baneling x11  
  147  25:03  Corruptor x3  
  147  25:04  Corruptor x4  
  161  25:10  Zergling x2  
  161  25:11  Zergling x10  
  167  25:15  Ultralisk  
  173  25:29  Hatchery  
  173  25:32  Extractor  
  173  25:35  Baneling x6  
  171  25:36  Baneling  
  171  25:56  Greater Spire  
  133  26:49  Zergling x16  
  133  26:50  Zergling x44  
  163  27:04  Drone x7  
  170  27:10  Zerg Flyer Armor Level 2  
  170  27:11  Corruptor x2  
  174  27:18  Baneling x3  
  174  27:19  Baneling x7  
  174  27:20  Baneling x6  
  174  27:26  Brood Lord x7  
  188  27:33  Drone x3  
  191  27:38  Zergling x10  
  191  27:39  Zergling x6  
  199  28:08  Baneling x6  
  199  28:09  Baneling  
  152  29:10  Zergling x2  
  152  29:11  Zergling x44  
  159  29:25  Corruptor x8  
  175  29:33  Zergling x2  
  175  29:34  Zergling x10  
Tags
 
Add a new tag
Caveats
  • Supply blocks, unpowered buildings, or Contaminate may cause inaccurate times.
  • Supply counts are checked every 10 seconds.